Map: Dusty Gorge

Players

Hamilcar - Winner!

  • Race: Protoss Protoss
  • League: Platinum
  • Spawn Location: 3:00

Histvar - Winner!

  • Race: Terran Terran
  • League: Platinum
  • Spawn Location: 5:00

Arthas

  • Race: Protoss Protoss
  • Spawn Location: 11:00

Ivadios

  • Race: Terran Terran
  • League: Bronze
  • Spawn Location: 9:00

VOD

Have the link to the VOD?

Description

Time

  • Played on: June 5, 2020, 3:25 p.m.
  • Length: 10:36
Show
View Real Time Build Order
Export as new Build Order

Hamilcar Protoss - Winner!

Build Orders:  

Get SALT Encoding   

  12  0:02  Probe  
  14  0:14  Probe  
  14  0:24  Pylon  
  14  0:26  Probe  
  15  0:43  Probe  
  16  0:51  Gateway  
  16  1:16  Forge  
  16  1:20  Pylon  
  16  1:21  Probe  
  17  1:46  Cybernetics Core  
  17  1:51  Gateway  
  17  1:59  Assimilator  
  17  2:05  Assimilator  
  17  2:10  Gateway  
  17  2:24  Probe (Chrono Boost)  
  18  2:30  Nexus  
  18  2:34  Probe (Chrono Boost)  
  19  2:38  Warp Gate (Chrono Boost)  
  19  2:51  Assimilator  
  19  2:52  Probe (Chrono Boost)  
  20  3:02  Probe (Chrono Boost)  
  21  3:07  Probe (Chrono Boost)  
  22  3:19  Shield Battery  
  22  3:22  Pylon  
  22  3:41  Stalker  
  26  3:48  Probe (Chrono Boost)  
  26  3:51  Probe (Chrono Boost)  
  26  3:58  Probe (Chrono Boost)  
  26  4:01  Probe (Chrono Boost)  
  28  4:03  Probe (Chrono Boost)  
  28  4:09  Stargate  
  29  4:14  Probe x2  
  31  4:21  Stalker  
  33  4:26  Probe, Zealot  
  33  4:27  Probe  
  36  4:38  Twilight Council  
  36  4:43  Stalker  
  38  4:54  Robotics Facility  
  38  4:59  Oracle  
  39  5:11  Charge (Chrono Boost)  
  39  5:20  Probe x2  
  41  5:30  Zealot  
  41  5:32  Probe x2, Zealot  
  47  5:36  Assimilator  
  47  5:44  Probe x2  
  47  5:45  Immortal  
  53  5:56  Probe  
  54  6:06  Protoss Ground Weapons Level 1  
  54  6:10  Pylon  
  54  6:13  Pylon  
  54  6:16  Pylon  
  54  6:28  Probe x2  
  54  6:30  Pylon  
  54  6:32  Pylon  
  56  6:34  Pylon  
  56  6:41  Probe  
  56  6:42  Stalker  
  56  6:43  Stalker x2  
  63  7:04  Warp Prism  
  65  7:14  Zealot x2  
  65  7:15  Zealot  
  71  7:19  Gateway  
  71  7:22  Gateway  
  71  7:53  Nexus  
  71  7:54  Probe x2, Pylon  
  73  8:06  Probe x2  
  75  8:18  Probe x2  
  77  8:21  Zealot x3  
  77  8:22  Zealot  
  77  8:23  Zealot  
  87  8:30  Probe  
  88  8:47  Probe x2  
  90  8:59  Probe  
  90  9:00  Probe, Pylon  
  90  9:01  Pylon, Zealot x3  
  98  9:03  Pylon  
  98  9:11  Probe  
  98  9:12  Probe  
  100  9:20  Zealot  
  100  9:21  Zealot x3  
  100  9:22  Zealot  
  100  9:23  Probe  
  100  9:24  Probe  
  108  9:35  Probe  
  108  9:36  Probe  
  96  9:48  Stalker x4  
  96  9:49  Probe, Stalker  
  107  9:58  Templar Archives  
  107  10:01  Probe  
  108  10:13  Probe  
  108  10:35  Stalker x2  
Show
View Real Time Build Order
Export as new Build Order

Histvar Terran - Winner!

Build Orders: 2 Factory, Command Center First (CC), Mech 

Get SALT Encoding   

  12  0:01  SCV  
  13  0:13  SCV  
  14  0:19  Supply Depot  
  14  0:27  SCV  
  15  0:40  SCV  
  16  0:52  SCV  
  17  1:04  Command Center  
  17  1:07  SCV  
  18  1:14  Refinery  
  18  1:19  SCV  
  19  1:31  SCV  
  20  1:35  Barracks  
  20  1:43  SCV  
  21  1:47  Refinery  
  21  1:55  SCV  
  22  2:08  SCV  
  23  2:17  SCV  
  23  2:20  SCV  
  25  2:24  Factory  
  25  2:29  Reaper  
  26  2:34  Orbital Command  
  26  2:35  Orbital Command  
  26  2:47  Factory  
  26  3:00  SCV  
  26  3:01  SCV  
  28  3:11  Marine  
  28  3:12  Factory Tech Lab  
  29  3:13  Supply Depot  
  29  3:22  SCV x2  
  31  3:38  SCV  
  31  3:39  SCV  
  31  3:40  Factory Reactor  
  33  3:42  Siege Tank, Marine  
  37  3:48  Factory  
  37  3:51  SCV x2  
  39  4:03  SCV  
  39  4:05  SCV  
  41  4:15  SCV  
  42  4:18  Siege Tank  
  45  4:24  Supply Depot  
  45  4:26  Supply Depot  
  45  4:29  Engineering Bay  
  45  4:36  Factory Tech Lab  
  45  4:40  Supply Depot  
  45  4:43  Hellion, Supply Depot  
  46  4:46  Hellion  
  48  4:59  Siege Tank  
  51  5:00  Siege Tank  
  51  5:05  Hellion  
  51  5:06  Supply Depot  
  56  5:07  Hellion  
  56  5:12  SCV  
  56  5:13  SCV  
  60  5:27  Missile Turret  
  60  5:29  Hellion x2  
  60  5:30  Infernal Pre-Igniter  
  60  5:31  Missile Turret  
  60  5:34  SCV x2  
  66  5:37  Refinery  
  66  5:41  Missile Turret  
  66  5:45  Siege Tank  
  66  5:46  SCV  
  70  6:00  Hellion x2  
  70  6:03  SCV x2, Refinery  
  76  6:15  SCV x2  
  76  6:17  Siege Tank  
  81  6:21  Hellion, Siege Tank  
  81  6:24  Barracks Tech Lab  
  86  6:32  Ghost Academy  
  86  6:33  Supply Depot  
  80  6:45  Hellion  
  67  7:00  Hellion, Siege Tank  
  67  7:01  Siege Tank  
  74  7:23  Enhanced Shockwaves, Supply Depot  
  74  7:26  Supply Depot  
  74  7:27  Hellion x2  
  78  7:45  Siege Tank x2  
  78  7:51  Supply Depot  
  84  8:03  Command Center  
  84  8:17  Siege Tank  
  87  8:22  Sensor Tower  
  87  8:28  Command Center  
  87  8:33  Factory  
  87  8:34  Armory  
  87  8:35  SCV x2, Armory  
  89  8:47  SCV x2  
  91  8:52  Sensor Tower  
  91  8:53  Refinery  
  91  8:57  Hellion x2, Siege Tank  
  91  8:58  Siege Tank  
  91  8:59  Refinery  
  101  9:07  SCV  
  102  9:15  SCV  
  103  9:19  SCV  
  103  9:21  Orbital Command  
  104  9:27  SCV  
Show
View Real Time Build Order
Export as new Build Order

Arthas Protoss 

Build Orders:  

Get SALT Encoding   

  12  0:00  Probe  
  13  0:13  Probe  
  14  0:18  Pylon  
  14  0:25  Probe  
  15  0:37  Probe (Chrono Boost)  
  15  0:42  Forge  
  16  0:46  Probe (Chrono Boost)  
  17  0:51  Probe (Chrono Boost)  
  18  1:42  Gateway  
  18  1:45  Photon Cannon  
  18  1:50  Assimilator  
  18  1:54  Probe  
  19  2:03  Gateway  
  19  2:05  Gateway, Assimilator  
  19  2:08  Pylon  
  19  2:18  Probe  
  20  2:30  Probe  
  20  2:36  Cybernetics Core  
  21  2:42  Probe  
  21  2:44  Pylon  
  22  2:54  Probe  
  23  3:05  Warp Gate (Chrono Boost)  
  23  3:06  Probe  
  23  3:11  Gateway  
  24  3:16  Stalker  
  24  3:17  Stalker x2  
  29  3:46  Stalker  
  29  3:47  Stalker x2  
  35  4:33  Stalker  
  35  4:34  Stalker  
  39  4:51  Pylon  
  39  4:53  Pylon  
  39  4:56  Pylon  
  39  5:12  Stalker x4  
  47  5:39  Stalker  
  47  5:40  Stalker x2  
  47  5:41  Nexus  
  53  5:44  Stalker  
  55  6:05  Stalker x2  
  55  6:10  Stalker  
  21  6:50  Stalker x2  
  21  6:51  Stalker x2  
  15  7:09  Probe (Chrono Boost)  
  15  7:10  Probe (Chrono Boost)  
  17  7:19  Probe (Chrono Boost)  
  17  7:20  Probe (Chrono Boost)  
  19  7:25  Probe x2 (Chrono Boost)  
  21  7:35  Probe  
  22  7:40  Sentry  
  24  7:49  Stalker  
  26  8:03  Stalker  
  28  8:23  Stalker  
  28  8:24  Probe  
  28  8:25  Probe  
  32  8:36  Probe  
  32  8:41  Probe  
  34  8:47  Stalker  
  36  8:50  Probe (Chrono Boost)  
  36  8:55  Probe (Chrono Boost)  
  38  9:02  Probe (Chrono Boost)  
  39  9:05  Probe (Chrono Boost), Assimilator  
  39  9:06  Assimilator  
  39  9:07  Probe (Chrono Boost)  
  41  9:10  Probe (Chrono Boost)  
  41  9:16  Stalker x2  
  41  9:17  Zealot  
  27  9:42  Stalker  
  27  10:16  Stalker  
  27  10:17  Zealot x2  
  27  10:19  Probe x2 (Chrono Boost)  
  37  10:29  Probe x2 (Chrono Boost)  
Show
View Real Time Build Order
Export as new Build Order

Ivadios Terran 

Build Orders:  

Get SALT Encoding   

  12  0:28  SCV  
  13  0:30  Supply Depot  
  13  0:40  SCV  
  14  0:52  SCV  
  15  1:03  Supply Depot  
  15  1:04  SCV  
  15  1:07  Supply Depot  
  16  1:16  SCV, Refinery  
  17  1:29  SCV  
  18  1:41  SCV, Barracks  
  18  1:42  Barracks  
  19  2:30  Barracks  
  19  2:36  Barracks  
  19  2:44  Marine x2  
  21  2:56  Orbital Command  
  21  3:02  Marine x2  
  23  3:17  Command Center  
  23  3:19  Marine  
  24  3:20  Marine x2  
  26  3:36  Marine  
  26  3:38  Marine x2  
  29  3:44  Supply Depot  
  29  3:45  Supply Depot  
  29  3:52  Engineering Bay  
  29  3:55  Marine  
  28  4:22  Marine x3  
  28  4:23  Marine  
  32  4:34  Supply Depot  
  32  4:40  Marine x2  
  32  4:41  Supply Depot  
  34  5:08  SCV x2  
  36  5:20  SCV x2, Supply Depot  
  38  5:26  Barracks Tech Lab  
  38  5:27  Barracks Reactor  
  38  5:32  SCV  
  39  5:43  Refinery  
  39  5:48  Barracks Reactor  
  39  5:49  Barracks Reactor  
  39  6:09  Refinery  
  39  6:12  Marine x3  
  42  6:30  Marine x3  
  45  6:47  Marine  
  29  6:59  Refinery  
  29  7:06  SCV  
  30  7:16  Orbital Command  
  30  7:18  SCV  
  31  7:25  Marine x2  
  31  7:26  Marine x5  
  31  7:29  Combat Shield  
  38  7:43  Marine x2  
  40  8:03  Marine x4  
  40  8:04  Marine x3  
  47  8:21  Marine x2  
  49  8:35  Marine x5  
  49  8:39  Marine x2  
  56  8:48  Stimpack  
  56  8:53  Marine x5  
  61  8:56  Marine  
  61  8:57  Marine  
  61  8:58  Barracks  
  61  9:00  Barracks  
  63  9:10  Marine  
  63  9:11  Marine x4  
  63  9:14  Marine x2  
  70  9:20  SCV x2  
  72  9:28  Marine  
  72  9:29  Marine x4  
  77  9:32  SCV x2  
  79  9:44  SCV x2  
  81  9:47  Barracks, Marine  
  81  9:50  Barracks  
  71  9:57  SCV  
Tags
 
Add a new tag
Caveats
  • Supply blocks, unpowered buildings, or Contaminate may cause inaccurate times.
  • Supply counts are checked every 10 seconds.